 Dungeon Crawl Stone Soup version 0.29-a0-598-gd8304a5bf4 (webtiles) character file.

Game seed: 5838370438971404968

2636 spiderkeys the Covert (level 9, -1/47 HPs)
             Began as a Spriggan Hunter on June 15, 2022.
             Was a Follower of Qazlal.
             Killed from afar by Erica (24 damage)
             ... with a bolt of poison
             ... on level 8 of the Dungeon.
             The game lasted 00:13:13 (8191 turns).

spiderkeys the Covert (Spriggan Hunter)             Turns: 8191, Time: 00:13:14

Health: -1/47      AC:  5    Str:  7    XL:     9   Next: 35%
Magic:  10/10      EV: 25    Int: 11    God:    Qazlal [*.....]
Gold:   421        SH:  2    Dex: 22    Spells: 8/8 levels left

rFire   . . .      SeeInvis +   a - +4 shortbow (elec)
rCold   . . .      Faith    .   (shield currently unavailable)
rNeg    . . .      Spirit   .   b - +0 robe
rPois   .          Reflect  .   (helmet restricted)
rElec   .          Harm     .   i - +2 cloak
rCorr   .          Rampage  .   (gloves unavailable)
Will    +....                   (boots unavailable)
Stlth   ++++......              (no amulet)
HPRegen 0.15/turn               (no ring)
MPRegen 0.12/turn               (no ring)

@: lethally poisoned (-1 -> -14), very quick
A: very small, no large weapons, unfitting armour, see invisible, speed 3
a: Renounce Religion


You were on level 8 of the Dungeon.
You worshipped Qazlal.
Qazlal was aware of your devotion.
You visited 2 branches of the dungeon, and saw 9 of its levels.
You also visited: Sewer.

You collected 575 gold pieces.
You spent 154 gold pieces at shops.


Innate Abilities, Weirdness & Mutations

You are very small and have problems with some larger weapons.
You are too small for most types of armour.
You have supernaturally acute eyesight. (SInv)
You cover ground extremely quickly. (Speed+++)


   Skills:
 + Level 5.5 Fighting
 + Level 9.1 Bows
 + Level 8.8 Dodging
 + Level 10.0 Stealth


You had 8 spell levels left.
You didn't know any spells.
Your spell library contained the following spells:

 Spells                   Type           Power      Damage    Failure   Level
 Conjure Flame            Conj/Fire      0%         6-21      71%         3
 Gell's Gravitas          Tloc           0%         N/A       71%         3
 Ignite Poison            Fire/Tmut/Pois 0%         N/A       71%         3
 Lesser Beckoning         Tloc           0%         N/A       71%         3
 Ozocubu's Armour         Ice            0%         N/A       71%         3
 Teleport Other           Tloc           0%         N/A       71%         3
 Sticky Flame             Conj/Fire      0%         2d3       98%         4
 Metabolic Englaciation   Hex/Ice        0%         N/A       100%        5
 Simulacrum               Ice/Necr       0%         N/A       100%        6

Inventory:

Hand Weapons
 a - a +4 shortbow of electrocution (weapon)
Missiles
 e - 40 poisoned darts
 k - 305 stones
 u - 3 datura-tipped darts
 y - 5 silver boomerangs
 D - 20 boomerangs
Armour
 b - a +0 robe (worn)
 i - a +2 cloak (worn)
   (You bought it in a shop on level 1 of the Dungeon)
 v - a +0 robe
   (You took it off an orc wizard on level 7 of the Dungeon)
 C - the +1 robe of the Endless Expanse {rF+ Will- Str+8}
   (You found it on level 8 of the Dungeon)

   Str:       It affects your strength (+8).
   rF:        It protects you from fire.
   Will:      It decreases your willpower.
 F - a +0 animal skin
   (You took it off Grum on level 8 of the Dungeon)
 G - a +0 robe
   (You took it off a wight on level 8 of the Dungeon)
 H - a +0 robe
   (You took it off a wight on level 8 of the Dungeon)
 I - a +0 robe
   (You took it off a wight on level 8 of the Dungeon)
 J - a +0 robe
   (You took it off a wight on level 8 of the Dungeon)
 K - a +0 robe
   (You took it off an orc wizard on level 8 of the Dungeon)
 L - a +0 robe
   (You took it off an orc wizard on level 8 of the Dungeon)
Wands
 s - a wand of iceblast (3)
   (You found it on level 4 of the Dungeon)
 x - a wand of polymorph (12)
   (You found it on level 7 of the Dungeon)
 z - a wand of acid (8)
   (You found it on level 4 of the Dungeon)
Scrolls
 c - 4 scrolls of immolation {!r!r}
 g - a scroll of silence {!r}
 m - a scroll of vulnerability {!r!r}
 n - a scroll of enchant armour
 o - a scroll of poison {!r}
 q - a scroll of blinking {unknown}
 r - 3 scrolls of teleportation {@r4}
 B - 2 scrolls of magic mapping {!r}
 E - a scroll of fear
Potions
 d - 4 potions of curing {@q1}
 f - 4 potions of heal wounds {@q2}
 h - 5 potions of haste {unknown}
 j - 3 potions of degeneration {unknown}
 l - 2 potions of brilliance {unknown}
 p - a potion of might {unknown}
 t - 3 potions of flight
 w - a potion of berserk rage {unknown}
 A - a potion of mutation {unknown}
 M - a potion of invisibility {unknown}

Dungeon Overview and Level Annotations

Branches:
Dungeon (8/15) Zot: 26421  Temple (1/1) D:5 Zot: 5944   Sewer (visited)
   Lair: D:8-11

Altars:
Ashenzari
Cheibriados
Dithmenos
Elyvilon
Fedhas
Gozag
Hepliaklqana
Kikubaaqudgha
Makhleb
Nemelex Xobeh
Okawaru
Qazlal
Ru
Sif Muna
Trog
Uskayaw
Vehumet
Wu Jian
Xom
Yredelemnul
Zin
The Shining One

Shops:
D:1 [[   D:3 !

Annotations:
D:8 Erica

#.# #.# #.# #.# #.# ####### #.#
#.....# ###.####
#####.....################......#
....'.)...'.@...@)..)÷..)).......
#####.....################...#..#
###################≈.≈.≈##......#
.....................≈≈..#..##)##
##################..._≈†.#.....##
....... #......≈≈≈≈†.........
......? #.#####≈≈≈≈..##.#####
....... #.# ##.######.# .......
#.# #..# #.#


You could see Erica (invisible).


Message History

No target in view!
L - a +0 robe;
M - a dark potion You now have 421 gold pieces (gained 6).
You see here a +0 dagger. 😎 HP[+2]
Your hp is fully restored (47).
Things that are here:
a +0 glaive; a +0 plate armour; an orc corpse Erica the Fiery-Tempered comes into view.
She is wielding a +4 scimitar of flaming.
You shoot an arrow. The arrow hits Erica!
Erica screams, "Hurry, death AWAITS you!"
You shoot an arrow. The arrow hits Erica.
Things that are here:
a +0 glaive; a +0 plate armour; an orc corpse Erica casts a spell at you.
The lance of force misses you.
You see here a +0 dagger.
You see here a +0 leather armour.
Things that are here:
a +0 whip; an orc corpse You see here a bullfrog corpse.
Things that are here:
a +0 whip; an orc corpse You see here a +0 leather armour.
You see here a +0 dagger.
You see here a +0 dagger.
You see here a +0 leather armour.
Things that are here:
a +0 whip; an orc corpse Erica looks angry.
Erica casts a spell at you.
You are confused.
You see here a bullfrog corpse.
Erica mumbles some strange words.
Erica flickers and vanishes for a moment.
You bump into the rock wall.
You're too confused to move!
You're too confused to move!
You bump into the rock wall.
Erica screams, "Do you want it fast or slow?!"
You bump into the rock wall.
You feel less confused.
You shoot an arrow. The arrow completely misses Erica.
Erica points at you and mumbles some strange words.
You are confused.
Erica gestures at you while chanting.
You easily resist.
You're too confused to move!
Erica points at you and mumbles some strange words.
You are more confused.
There is an open door here.
You see here a +3 flail of freezing.
You're too confused to move!
There is an open door here.
You bump into the rock wall.
Erica points at you and mumbles some strange words.
The bolt of poison hits you!
You are poisoned. 😮 HP[-17]
You take 17 damage, and now have 30/47 hp.
MASSIVE DAMAGE!! (PAUSE)
You feel better. 😕 HP[+6]
You regained 6 hp, and now have 36/47 hp.
Shoot: a) +4 shortbow (elec)
Press: ? - help, Q - select action, (/) - cycle Shift-Dir - straight line, f/p - Erica
Aim: Erica, wielding a +4 scimitar of flaming and wearing a +0 robe (slightly transparent, 70% to hit)
You shoot an arrow. The arrow hits Erica.
Shoot: a) +4 shortbow (elec)
Press: ? - help, Q - select action, (/) - cycle Shift-Dir - straight line, f/p - Erica
Aim: Erica, wielding a +4 scimitar of flaming and wearing a +0 robe (lightly wounded, slightly transparent, 70% to hit)
You shoot an arrow.
The arrow hits Erica. 😕 HP[+1] Shoot: a) +4 shortbow (elec)
Press: ? - help, Q - select action, (/) - cycle Shift-Dir - straight line, f/p - Erica
Aim: Erica, wielding a +4 scimitar of flaming and wearing a +0 robe (lightly wounded, slightly transparent, 70% to hit)
You shoot an arrow. The arrow hits Erica!
Erica barely misses you.
Shoot: a) +4 shortbow (elec)
Press: ? - help, Q - select action, (/) - cycle Shift-Dir - straight line, f/p - Erica
Aim: Erica, wielding a +4 scimitar of flaming and wearing a +0 robe (moderately wounded, slightly transparent, 70% to hit)
You shoot an arrow. The arrow hits Erica.
Erica hits you with a +4 scimitar of flaming!
Erica burns you.
* * * LOW HITPOINT WARNING * * *
Erica misses you. 😨 HP[-14]
You take 14 damage, and now have 23/47 hp.
MASSIVE DAMAGE!! (PAUSE) Erica gestures at you while chanting.
You easily resist.
Shoot: a) +4 shortbow (elec)
Press: ? - help, Q - select action, (/) - cycle Shift-Dir - straight line, f/p - Erica
Aim: Erica, wielding a +4 scimitar of flaming and wearing a +0 robe (moderately wounded, slightly transparent, 70% to hit)
You shoot an arrow. The arrow hits Erica.
Lightning courses through Erica!! Erica gestures at you while chanting.
The bolt of poison hits you!!
You are poisoned.
Ouch! That really hurt!
You die...

Skill      XL: |  1  2  3  4  5  6  7  8  9 |
---------------+----------------------------+-----
Stealth        | 2 3 4 5 7 9 10 | 10.0
Bows           | 5 6 7 8 9 |  9.1
Dodging        | 3 4 5 6 8 |  8.8
Fighting       | 2 3 4 5 |  5.5

Action                   |  1- 3 |  4- 6 |  7- 9 || total
-------------------------+-------+-------+-------++-------
 Fire: Shortbow          |    70 |   129 |   232 ||   431
  Use: Scroll            |     1 |     4 |     9 ||    14
       Potion            |       |       |     2 ||     2
Armor: Robe              |     2 |     1 |     7 ||    10
Dodge: Dodged            |    10 |    21 |    91 ||   122
Block: Other             |       |       |     1 ||     1

Levels and vault maps discovered:
D:1:      minmay_arrival_loop, layout_basic, serial_shops, shop, shop,
          shapermc_ecumenical_altar_mp_ritualfount
D:2:      layout_loops_ring
D:3:      layout_basic, serial_shops, shop, hex_tiny
D:4:      layout_cave_pools, tgw_sif, zin_statuary, minmay_misc_feat_room,
          minivault_5
D:5:      layout_loops_ring, minmay_temple_entry_tees,
          cheibrodos_sewer_entry_drain
D:6:      layout_cave_pods, old_standard_altar, tgw_xom,
          minmay_overflow_temple_star_quad
D:7:      layout_basic, serial_curves, eino_curves_02, eino_curves_02
D:8:      layout_basic, fedhas_altar_2, uniq_erica, uniq_pikel, uniq_grum
Temple:   eino_temple_lava

Notes
Turn   | Place    | Note
-------+----------+-------------------------------------------
     0 | D:1      | spiderkeys the Spriggan Hunter began the quest for the Orb.
     0 | D:1      | Reached XP level 1. HP: 10/10 MP: 2/2
     0 | D:1      | magus.rc [v1.11.3]
    42 | D:1      | Found Tosmo's Antique Armour Boutique.
    42 | D:1      | Found Feajet's Antique Armour Boutique.
   117 | D:1      | Reached skill level 2 in Stealth
   123 | D:1      | Reached skill level 5 in Bows
   123 | D:1      | Reached skill level 3 in Dodging
   293 | D:1      | Reached XP level 2. HP: 15/15 MP: 3/3
   656 | D:1      | Found a faded altar of an unknown god.
   977 | D:2      | Reached skill level 2 in Fighting
   977 | D:2      | Reached XP level 3. HP: 18/18 MP: 4/4
  1056 | D:2      | Reached skill level 3 in Stealth
  1533 | D:2      | Reached XP level 4. HP: 23/23 MP: 5/5
  2534 | D:3      | Found Myemuiru's Distillery.
  2539 | D:3      | Bought a potion of curing for 42 gold pieces
  2669 | D:3      | Reached skill level 4 in Dodging
  2918 | D:4      | You pick up a book of Displacement and begin reading...
  2918 | D:4      | You add the spells Lesser Beckoning, Gell's Gravitas and
                  | Teleport Other to your library.
  2971 | D:4      | Noticed a scorpion
  2975 | D:4      | Killed a scorpion
  2976 | D:4      | Reached skill level 4 in Stealth
  2976 | D:4      | Reached XP level 5. HP: 27/27 MP: 6/6
  3187 | D:4      | Found a glowing silver altar of Zin.
  3227 | D:4      | Noticed a phantom
  3244 | D:4      | Killed a phantom
  3245 | D:4      | Reached skill level 6 in Bows
  3469 | D:4      | Noticed Blork the orc
  3476 | D:4      | Killed Blork the orc
  3477 | D:4      | Reached skill level 3 in Fighting
  3477 | D:4      | Reached skill level 5 in Stealth
  3477 | D:4      | Reached XP level 6. HP: 24/32 MP: 7/7
  3556 | D:4      | Found a shimmering blue altar of Sif Muna.
  3631 | D:5      | Entered Level 5 of the Dungeon
  3631 | D:5      | Found a glowing drain.
  3634 | D:5      | Reached skill level 5 in Dodging
  3668 | Sewer    | Entered a sewer
  4024 | Sewer    | Found a white marble altar of Elyvilon.
  4093 | D:5      | Noticed an ice beast
  4136 | D:5      | Noticed a water moccasin
  4168 | D:5      | Killed an ice beast
  4169 | D:5      | Reached XP level 7. HP: 36/36 MP: 8/8
  4209 | D:5      | Found a staircase to the Ecumenical Temple.
  4217 | Temple   | Entered the Ecumenical Temple
  4299 | Temple   | Became a worshipper of Qazlal Stormbringer
  4322 | D:5      | Reached skill level 6 in Stealth
  4562 | D:5      | You add the spells Conjure Flame, Ignite Poison and Sticky
                  | Flame to your library.
  5263 | D:6      | Found a shimmering altar of Xom.
  5363 | D:6      | Reached skill level 7 in Bows
  5363 | D:6      | Reached skill level 6 in Dodging
  5694 | D:6      | Found a shadowy altar of Dithmenos.
  5784 | D:6      | Found a burning altar of Makhleb.
  5790 | D:6      | Found an ancient bone altar of Kikubaaqudgha.
  5795 | D:6      | Found a broken altar of Ashenzari.
  5994 | D:6      | Reached skill level 4 in Fighting
  5994 | D:6      | Reached skill level 7 in Stealth
  6536 | D:1      | Bought a cloak for 112 gold pieces
  6734 | D:7      | Reached XP level 8. HP: 42/42 MP: 9/9
  6926 | D:7      | Reached skill level 7 in Dodging
  6986 | D:7      | Identified the +3 chain mail of Ismes {-Cast rElec Str+4}
  7192 | D:7      | Reached skill level 8 in Stealth
  7303 | D:7      | Reached * piety under Qazlal
  7489 | D:8      | Reached skill level 8 in Bows
  7531 | D:8      | Identified the +1 robe of the Endless Expanse {rF+ Will-
                  | Str+8}
  7549 | D:8      | Found a blossoming altar of Fedhas.
  7697 | D:8      | You pick up a book of Winter and begin reading...
  7697 | D:8      | You add the spells Ozocubu's Armour, Metabolic Englaciation
                  | and Simulacrum to your library.
  7753 | D:8      | Noticed Grum
  7755 | D:8      | Reached skill level 5 in Fighting
  7755 | D:8      | Reached skill level 8 in Dodging
  7755 | D:8      | Reached skill level 9 in Stealth
  7766 | D:8      | Killed Grum
  7767 | D:8      | Reached XP level 9. HP: 45/47 MP: 10/10
  7902 | D:8      | Reached skill level 9 in Bows
  8083 | D:8      | Reached skill level 10 in Stealth
  8127 | D:8      | Noticed Erica
  8191 | D:8      | Killed from afar by Erica

Vanquished Creatures
  A wyvern (D:8)
  Grum (D:8)
  2 water moccasins
  An orc warrior (D:8)
  A black bear (D:7)
  An ice beast (D:5)
  A centaur (D:8)
  4 wolves (D:8)
  A phantom (D:4)
  2 kobold brigands
  Blork the orc (D:4)
  3 bullfrogs
  2 scorpions
  A gnoll sergeant (D:6)
  4 wights (D:8)
  2 howler monkeys
  3 jellies
  4 hounds
  4 orc wizards
  8 gnolls
  2 river rats (Sewer)
  3 adders
  An ufetubus (D:6)
  3 worms
  A dart slug (D:2)
  10 orcs
  4 endoplasms (D:1)
  5 giant cockroaches
  6 goblins
  5 hobgoblins
  A jackal (Sewer)
  8 quokkas
  6 ball pythons
  4 bats
  2 frilled lizards
  9 kobolds
  13 rats
130 creatures vanquished.

Vanquished Creatures (others)
  A fungus (D:1)
  A plant (D:1)
2 creatures vanquished.

Grand Total: 132 creatures vanquished

Table legend:
 A = Non-vault XP
 B = Vault XP
 C = Vault XP percentage of total XP
 D = Non-vault monster count
 E = Vault monster count
 F = Vault count percentage of total count
                 A         B        C        D         E       F
            +---------+---------+-------+---------+---------+-------
      Total |    2867 |     900 |  23.9 |     109 |      21 |  16.2
            +---------+---------+-------+---------+---------+-------
        D:1 |      26 |       0 |   0.0 |      17 |       0 |   0.0
        D:2 |      93 |       0 |   0.0 |      22 |       0 |   0.0
        D:3 |      47 |       0 |   0.0 |      15 |       0 |   0.0
        D:4 |     207 |      99 |  32.4 |       8 |       1 |  11.1
        D:5 |     361 |       7 |   1.9 |       5 |       3 |  37.5
        D:6 |     424 |      12 |   2.8 |      13 |       4 |  23.5
        D:7 |     572 |       0 |   0.0 |      16 |       0 |   0.0
        D:8 |    1137 |     648 |  36.3 |      13 |       5 |  27.8
      Sewer |       0 |     134 | 100.0 |       0 |       8 | 100.0
            +---------+---------+-------+---------+---------+-------

Illustrated notes

Table legend:
 A = Kills in this place as a percentage of kills in entire the game.
 B = Kills by you in this place as a percentage of kills by you in the entire game.
 C = Kills by friends in this place as a percentage of kills by friends in the entire game.
 D = Other kills in this place as a percentage of other kills in the entire game.
 E = Experience gained in this place as a percentage of experience gained in the entire game.
 F = Experience gained in this place divided by the number of levels of this place that you have seen.
                   A       B       C       D       E      F
               +-------+-------+-------+-------+-------+----------------------
         Total | 100.0 | 100.0 |   N/A |   N/A | 100.0 | 376.7
       Dungeon |  93.8 |  93.8 |   N/A |   N/A |  96.4 | 454.1
         Sewer |   6.2 |   6.2 |   N/A |   N/A |   3.6 | 134.0
               +-------+-------+-------+-------+-------+----------------------

Table legend: (Time is in decaauts)
 A = Elapsed time spent in this place.
 B = Non-inter-level travel time spent in this place.
 C = Inter-level travel time spent in this place.
 D = Time resting spent in this place.
 E = Time spent auto-exploring this place.
 F = Levels seen in this place.
 G = Mean time per level.
                   A        B        C        D        E       F      G
               +--------+--------+--------+--------+--------+-----+--------+
         Total |   5975 |   5752 |    223 |    421 |   4198 |  10 |  597.5 |
       Dungeon |   5535 |   5316 |    219 |    421 |   3841 |   8 |  691.9 |
        Temple |     55 |     51 |      4 |      0 |     24 |   1 |   55.0 |
         Sewer |    384 |    384 |      0 |      0 |    333 |   1 |  384.0 |
               +--------+--------+--------+--------+--------+-----+--------+

Top non-repeatable levels by time:
     D:6: 998 daAuts
     D:1: 802 daAuts
     D:2: 787 daAuts
     D:5: 722 daAuts
     D:4: 592 daAuts
     D:8: 577 daAuts
     D:7: 546 daAuts
     D:3: 508 daAuts
   Sewer: 384 daAuts
  Temple: 55 daAuts
